 Dungeon Crawl Stone Soup version 0.18.1-8-gdd0e5ea (webtiles) character file.

25089 Gargoyl the Cleaver (level 12, -3/99 HPs)
             Began as a Demonspawn Abyssal Knight on May 26, 2016.
             Was the Champion of Lugonu.
             Slain by an eight-headed hydra (10 damage)
             ... on level 5 of the Lair of Beasts.
             The game lasted 00:31:35 (11698 turns).

Gargoyl the Cleaver (Demonspawn Abyssal Knight)    Turns: 11698, Time: 00:31:36

Health: -3/99      AC: 21    Str: 22    XL:     12   Next: 86%
Magic:  14/14      EV:  8    Int: 16    God:    Lugonu [******]
Gold:   185        SH: 20    Dex: 19    Spells: 0 memorised, 11 levels left

rFire  . . .     SeeInvis +     X - +7 mace of Mevubon {drain, Dex+3}
rCold  + . .     Gourm    .     f - +1 chain mail "Vogging" {rElec Dex+4}
rNeg   . . .     Faith    .     G - +3 large shield of the Falcon {MR+ Str+4 Slay+2 SInv}
rPois  +         Spirit   .     S - +0 hat
rElec  +         Dismiss  .     J - +1 cloak {rPois}
rCorr  .         Reflect  .     o - +2 pair of gloves
SustAt .         Harm     .     t - +2 pair of boots
MR     +....                    C - amulet of regeneration
Stlth  ..........               (no ring)
                                g - ring of protection from cold

@: somewhat resistant to hostile enchantments, extremely unstealthy
A: talons 2, molten scales 2, clever 1, deformed body, demonic guardian 1,
deterioration 1, mutation resistance 1, wild magic 1
a: Depart the Abyss, Bend Space, Banish, Corrupt, Enter the Abyss, Brand Weapon
With Distortion, Renounce Religion


You were on level 5 of the Lair of Beasts.
You worshipped Lugonu.
Lugonu was exalted by your worship.
You were not hungry.

You visited 2 branches of the dungeon, and saw 13 of its levels.
You visited the Abyss 1 time.

You collected 644 gold pieces.
You spent 459 gold pieces at shops.

Inventory:

Hand Weapons
 a - a +0 blowgun
 e - the +9 war axe of the Gloaming {drain, *Rage rPois Dex+2}
   (You found it on level 2 of the Abyss)

   A truly terrible weapon, it drains the life of those it strikes.
   It affects your dexterity (+2).
   It protects you from poison.
   It may make you go berserk in combat.
 Q - a +0 trident of piercing
 X - the +7 mace of Mevubon (weapon) {drain, Dex+3}
   (You bought it in a shop on level 8 of the Dungeon)

   A truly terrible weapon, it drains the life of those it strikes.
   It affects your dexterity (+3).
Missiles
 m - 13 tomahawks
 H - 7 javelins (quivered)
 N - 37 poisoned needles
Armour
 f - the +1 chain mail "Vogging" (worn) {rElec Dex+4}
   (You found it on level 2 of the Abyss)

   It affects your dexterity (+4).
   It insulates you from electricity.
 o - a +2 pair of gloves (worn)
 t - a +2 pair of boots (worn)
 G - the +3 large shield of the Falcon (worn) {MR+ Str+4 Slay+2 SInv}
   (You found it on level 6 of the Dungeon)

   It affects your strength (+4).
   It affects your accuracy and damage with ranged weapons and melee attacks
   (+2).
   It affects your resistance to hostile enchantments.
   It lets you see invisible.
 J - a +1 cloak of poison resistance (worn)
 S - a +0 hat (worn)
Jewellery
 g - a ring of protection from cold (left hand)
 u - an uncursed ring of see invisible
 v - an uncursed ring of protection from cold
 A - a cursed ring of loudness {unknown}
 C - an amulet of regeneration (around neck)
 V - an uncursed ring of flight
Wands
 n - a wand of lightning (6/15)
 r - a wand of random effects (15/48)
 y - a wand of iceblast (11/15)
 F - a wand of disintegration (18/24)
 I - a wand of random effects (17/48)
 M - a wand of confusion (29/48)
 R - a wand of teleportation (4/9)
 W - a wand of iceblast (7/15)
Scrolls
 c - 2 scrolls of magic mapping
 d - 7 scrolls of remove curse
 h - a scroll of fear
 i - 5 scrolls of identify
 j - 2 scrolls of teleportation
 l - 5 scrolls of fog
 q - 2 scrolls of recharging
Potions
 b - 4 potions of agility
 k - 2 potions of haste
 s - 2 potions of invisibility
 w - 4 potions of curing
 z - 2 potions of degeneration
 B - a potion of brilliance
Books
 D - a book of Maledictions

   Spells                             Type                      Level
   a - Corona                         Hexes                        1
   b - Ensorcelled Hibernation        Hexes/Ice                    2
   c - Confuse                        Hexes                        3
   d - Tukima's Dance                 Hexes                        3
   e - Dazzling Spray                 Conjuration/Hexes            3
Miscellaneous
 O - an ornate deck of defence
Comestibles
 p - a beef jerky
 x - 4 bread rations
 E - 5 meat rations
 K - a slice of pizza
 L - a fruit
 P - a royal jelly


   Skills:
 + Level 10.6 Fighting
 + Level 10.7 Axes
 + Level 2.0 Throwing
 * Level 10.4 Armour
 + Level 5.9 Dodging
 + Level 2.4 Stealth
 + Level 7.4 Shields
 + Level 3.2 Invocations


You had 11 spell levels left.
You didn't know any spells.

Dungeon Overview and Level Annotations

Branches:
Dungeon (8/15)             Temple (0/1) D:6            Lair (5/8) D:8
  Swamp (0/4) Lair:5       Spider (0/4) Lair:4

Altars:
Cheibriados
Elyvilon
Gozag
Kikubaaqudgha
Okawaru
Pakellas
Qazlal
Trog
Zin
The Shining One

Shops:
D:6 *   D:7 ?   D:8 ([*(


Innate Abilities, Weirdness & Mutations

You have razor-sharp toenails.
You are mostly covered in molten scales (AC +3, EV -1).
A weak demonic guardian rushes to your aid.
Your mind is acute. (Int +2)
Armour fits poorly on your strangely shaped body.
Your body sometimes deteriorates upon taking damage.
You are somewhat resistant to further mutation.
Your spells are a little harder to cast, but a little more powerful.


Message History

The eight-headed hydra is severely wounded.
The eight-headed hydra bites you.
* * * LOW HITPOINT WARNING * * *
You block the eight-headed hydra's attack. x2
The eight-headed hydra bites you.
* * * LOW HITPOINT WARNING * * *
The eight-headed hydra bites you!
* * * LOW HITPOINT WARNING * * *
The eight-headed hydra bites you.
* * * LOW HITPOINT WARNING * * *
You block the eight-headed hydra's attack.
The eight-headed hydra bites you but does no damage.
Drink which item? (? for menu, Esc to quit)
You feel better.
You block the eight-headed hydra's attack. x3
The eight-headed hydra bites you but does no damage.
The eight-headed hydra barely misses you.
The eight-headed hydra bites you but does no damage.
The eight-headed hydra bites you!
You die...

................#.....
.⌠#.#.........P.##..#.
..##.#...>.....## ###
..#.##........###
.#####........#.#
.#.##...........#
........[.......# ###
................##P..##
#..####...###...@D....#
#### ##..# ###......##
# #### #P......#
#........# ###...####
#####


You could see an eight-headed hydra.

Vanquished Creatures
  A queen ant (Lair:3)
  The ghost of Venard the Thaumaturge, a journeyman SpEn of Dithmenos (Lair:3)
  The ghost of Zaque the Jinx, a journeyman SpEn of Dithmenos (Lair:1)
  The ghost of Tensor the Slicer, a journeyman SpEn of Dithmenos (Lair:1)
  A fire crab (Lair:4)
  A hill giant (D:7)
  The ghost of Quirk the Skirmisher, a novice DsGl (D:6)
  A black mamba (Lair:2)
  5 spiny frogs
  The ghost of Gargoyl the Skirmisher, a novice DsAK of Lugonu (D:4)
  6 komodo dragons
  A rime drake (Lair:4)
  3 jumping spiders (Lair:4)
  A blink frog (Lair:1)
  A two-headed ogre (D:8)
  A polar bear (Lair:2)
  4 redbacks (Lair:4)
  2 wyverns
  20 yaks
  3 basilisks (Lair:2)
  4 hippogriffs
  Menkaure (D:6)
  19 soldier ants (Lair:3)
  6 water moccasins
  12 porcupines
  2 hell hounds (Lair:4)
  3 ice beasts
  A wasp (Lair:2)
  3 black bears
  A necrophage (D:8)
  4 sky beasts
  3 phantoms
  15 wolves
  3 ogres (D:7)
  2 centaurs
  6 crocodiles
  2 big kobolds (D:8)
  13 giant frogs
  2 vampire bats (D:3)
  2 howler monkeys (D:7)
  3 lava snakes (Lair:1)
  A crimson imp (D:8)
  A quasit (D:5)
  2 giant frog skeletons (D:8)
  A hound (D:4)
  2 jellies
  A giant frog zombie (D:5)
  An orc priest (D:7)
  6 orc wizards
  3 centaur skeletons
  Ijyb (D:2)
  4 iguanas
  21 worker ants
  21 sheep
  A hound zombie (D:5)
  A hound skeleton (D:6)
  4 gnolls (D:3)
  25 river rats
  11 adders
  A shadow imp (D:7)
  3 oozes
  3 worms
  2 dart slugs
  3 giant geckos
  16 orcs
  8 bats
  3 bat skeletons (D:3)
  3 bat zombies (D:3)
  9 giant cockroaches
  11 goblins
  7 hobgoblins
  5 jackals
  11 kobolds
  2 quokkas
  A ball python (D:2)
  A ball python skeleton (D:5)
  A ball python zombie (D:5)
  8 giant newts
  13 rats
  3 fungi (Lair:5)
  2 plants
386 creatures vanquished.

Vanquished Creatures (collateral kills)
  An oklob plant (Lair:2)
  A blink frog (Lair:1)
  2 yaks (Lair:5)
  A soldier ant (Lair:3)
  A porcupine (Lair:4)
  A black bear (Lair:2)
  A sheep (Lair:5)
  A river rat (Lair:3)
9 creatures vanquished.

Vanquished Creatures (others)
  A swamp drake (Lair:5)
  A bush (Lair:3)
  A fungus (Lair:4)
  A plant (Lair:5)
4 creatures vanquished.

Grand Total: 399 creatures vanquished

Notes
Turn   | Place    | Note
--------------------------------------------------------------
     0 | Abyss:1  | Gargoyl the Demonspawn Abyssal Knight began the quest for the Orb.
     0 | Abyss:1  | Reached XP level 1. HP: 18/18 MP: 2/2
     0 | Abyss:1  | Found a corrupted altar of Lugonu.
    32 | Abyss:1  | Found a corrupted altar of Lugonu.
    37 | Abyss:1  | Found a corrupted altar of Lugonu.
    87 | Abyss:2  | Got a twisted war axe
    90 | Abyss:2  | Noticed an ancient zyme
    95 | Abyss:2  | Got a twisted chain mail
    99 | Abyss:3  | Identified the +9 war axe of the Gloaming {drain, *Rage rPois Dex+2} (You found it on level 2 of the Abyss)
   110 | Abyss:3  | Identified the +1 chain mail "Vogging" {rElec Dex+4} (You found it on level 2 of the Abyss)
   110 | D:1      | Escaped the Abyss
   294 | D:1      | Reached * piety under Lugonu
   294 | D:1      | Gained mutation: You have sharp toenails. [demonic ancestry]
   294 | D:1      | Reached XP level 2. HP: 24/24 MP: 3/3
   378 | D:1      | Reached skill level 1 in Dodging
   672 | D:2      | Gained mutation: You have razor-sharp toenails. [demonic ancestry]
   672 | D:2      | Reached XP level 3. HP: 21/29 MP: 5/5
   782 | D:2      | Noticed Ijyb
   792 | D:2      | Killed Ijyb
   817 | D:2      | Reached XP level 4. HP: 36/37 MP: 6/6
  1173 | D:2      | Reached ** piety under Lugonu
  1633 | D:3      | Found an ancient bone altar of Kikubaaqudgha.
  1655 | D:3      | Reached XP level 5. HP: 42/42 MP: 7/7
  1817 | D:3      | Gained mutation: You are partially covered in molten scales (AC +1). [demonic ancestry]
  1817 | D:3      | Reached XP level 6. HP: 48/49 MP: 8/8
  1873 | D:3      | You fall through a shaft!
  1873 | D:4      | Found an iron altar of Okawaru.
  1902 | D:4      | Noticed Gargoyl's ghost (novice DsAK)
  1914 | D:4      | Killed Gargoyl's ghost
  1914 | D:4      | Reached XP level 7. HP: 55/55 MP: 9/9
  1985 | D:4      | Reached *** piety under Lugonu
  1985 | D:4      | Reached skill level 5 in Fighting
  2510 | D:4      | Found an oddly glowing altar of Pakellas.
  2785 | D:5      | Entered Level 5 of the Dungeon
  2796 | D:5      | Gained mutation: Your body sometimes deteriorates upon taking damage. [mutagenic meat]
  2797 | D:5      | Gained mutation: Your mind is acute. (Int +2) [mutagenic meat]
  2798 | D:5      | Gained mutation: You possess an exceptional clarity of mind. [mutagenic meat]
  2799 | D:5      | Gained mutation: Your spells are a little harder to cast, but a little more powerful. [mutagenic meat]
  2957 | D:5      | Found a bloodstained altar of Trog.
  2957 | D:5      | Found a snail-covered altar of Cheibriados.
  3076 | D:5      | Found a white marble altar of Elyvilon.
  3213 | D:5      | Reached skill level 5 in Axes
  3213 | D:5      | Reached XP level 8. HP: 64/64 MP: 10/10
  3577 | D:6      | Found a staircase to the Ecumenical Temple.
  3600 | D:6      | Noticed Menkaure
  3602 | D:6      | Noticed Quirk's ghost (novice DsGl)
  3625 | D:7      | Found Raubb's Magic Scroll Shop.
  3808 | D:7      | Noticed a hill giant
  3814 | D:7      | Killed a hill giant
  3814 | D:7      | Reached skill level 5 in Armour
  3829 | D:7      | Bought a scroll of enchant armour for 105 gold pieces
  4022 | D:7      | Reached skill level 1 in Throwing
  4063 | D:7      | Reached XP level 9. HP: 71/71 MP: 11/11
  4089 | D:7      | Reached **** piety under Lugonu
  4948 | D:6      | Found a glowing silver altar of Zin.
  4953 | D:6      | Killed Menkaure
  4967 | D:6      | Killed Quirk's ghost
  5586 | D:6      | You fall through a shaft!
  5652 | D:6      | Got an ancient large shield
  5658 | D:6      | Identified the +3 large shield of the Falcon {MR+ Str+4 Slay+2 SInv} (You found it on level 6 of the Dungeon)
  5688 | D:6      | Found Efuadeiq's General Store.
  6493 | D:8      | Found Biut's General Store.
  6496 | D:8      | Bought a potion of curing for 39 gold pieces
  6496 | D:8      | Bought a potion of curing for 39 gold pieces
  6496 | D:8      | Bought a potion of might for 52 gold pieces
  6501 | D:8      | Found a staircase to the Lair.
  6527 | D:8      | Reached XP level 10. HP: 80/80 MP: 12/12
  6538 | D:8      | Found Onacipie's Antique Weapon Boutique.
  6544 | D:8      | Found Wiloin's Antique Armour Shoppe.
  6589 | D:8      | Bought a runed cloak for 72 gold pieces
  6689 | D:8      | Reached skill level 1 in Shields
  6909 | D:8      | Gained mutation: Armour fits poorly on your strangely shaped body. [mutagenic meat]
  6910 | D:8      | Lost mutation: You possess an exceptional clarity of mind. [mutagenic meat]
  6911 | D:8      | Gained mutation: You are somewhat resistant to further mutation. [mutagenic meat]
  7051 | D:8      | Reached ***** piety under Lugonu
  7071 | D:8      | Found Wibubb's Antique Weapon Shop.
  7134 | D:8      | Found an opulent altar of Gozag.
  7135 | D:8      | Found a glowing golden altar of the Shining One.
  7568 | Lair:1   | Entered Level 1 of the Lair of Beasts
  7575 | Lair:1   | Noticed Zaque's ghost (journeyman SpEn)
  7593 | Lair:1   | Killed Zaque's ghost
  7661 | Lair:1   | Noticed Tensor's ghost (journeyman SpEn)
  7781 | Lair:1   | Reached skill level 1 in Stealth
  7808 | Lair:1   | Noticed a spiny frog
  7814 | Lair:1   | Killed a spiny frog
  7881 | Lair:1   | Killed Tensor's ghost
  7881 | Lair:1   | Gained mutation: A weak demonic guardian rushes to your aid. [demonic ancestry]
  7881 | Lair:1   | Reached XP level 11. HP: 87/87 MP: 13/13
  8542 | Lair:2   | Reached skill level 5 in Dodging
  8799 | Lair:2   | Identified a scroll of acquirement
  9041 | Lair:2   | Noticed an oklob plant
  9055 | Lair:2   | Killed an oklob plant
  9309 | Lair:3   | Reached skill level 5 in Shields
  9573 | Lair:3   | Reached ****** piety under Lugonu
  9828 | D:8      | Bought a twisted mace for 152 gold pieces
  9829 | D:8      | Identified the +7 mace of Mevubon {drain, Dex+3} (You bought it in a shop on level 8 of the Dungeon)
  9925 | Lair:3   | Noticed a queen ant
  9940 | Lair:3   | Killed a queen ant
  9940 | Lair:3   | Gained mutation: You are mostly covered in molten scales (AC +3, EV -1). [demonic ancestry]
  9940 | Lair:3   | Reached XP level 12. HP: 91/97 MP: 14/14
  9991 | Lair:3   | Reached skill level 10 in Axes
 10038 | Lair:3   | Noticed Venard's ghost (journeyman SpEn)
 10045 | Lair:3   | Reached skill level 10 in Fighting
 10068 | Lair:3   | Killed Venard's ghost
 10583 | Lair:4   | Found a hole to the Spider Nest.
 10595 | Lair:4   | Reached skill level 10 in Armour
 10786 | Lair:4   | Found a stormy altar of Qazlal.
 10897 | Lair:4   | You fall through a shaft!
 10962 | Lair:5   | Found a staircase to the Swamp.
 11512 | Lair:5   | Found an ancient bone altar of Kikubaaqudgha.
 11687 | Lair:5   | Noticed an eight-headed hydra
 11697 | Lair:5   | HP: 2/99 [eight-headed hydra (3)]
 11698 | Lair:5   | Slain by an eight-headed hydra

Skill      XL: |  1  2  3  4  5  6  7  8  9 10 11 12 |
---------------+-------------------------------------+-----
Dodging        | 1 2 3 4 5 |  5.9
Armour         | 2 3 4 5 7 8 9 10 | 10.4
Axes           | 2 3 4 5 6 7 8 9 10 | 10.7
Invocations    | 3 |  3.2
Fighting       | 4 5 6 7 8 9 10 | 10.6
Throwing       | 1 2 |  2.0
Shields        | 3 5 7 |  7.4
Stealth        | 1 2 |  2.4

Action                   |  1- 3 |  4- 6 |  7- 9 | 10-12 || total
-------------------------+-------+-------+-------+-------++-------
Melee: War axe           |    48 |    92 |   234 |   491 ||   865
       Kick              |     3 |    20 |    35 |       ||    58
       Mace              |       |       |       |     5 ||     5
Throw: Tomahawk          |       |     3 |     9 |       ||    12
       Javelin           |       |       |       |     2 ||     2
Invok: Depart the Abyss  |     1 |       |       |       ||     1
  Use: Scroll            |       |     2 |     8 |    11 ||    21
       Potion            |       |       |       |    12 ||    12
 Stab: Distracted        |       |       |       |     3 ||     3
       Confused          |       |       |       |     3 ||     3
  Eat: Chunk             |     3 |     6 |    10 |    30 ||    49
       Fruit             |       |       |     3 |     4 ||     7
       Bread ration      |       |       |     2 |       ||     2
Armor: Chain mail        |    37 |    91 |   153 |   232 ||   513
Dodge: Dodged            |    20 |    44 |    88 |    95 ||   247
Block: Large shield      |       |       |    24 |   488 ||   512
